Ice Hogs vs Checkers

Created - Thursday, January 29, 2015 at 00:21

Goals
1 2 3 OT1 T
Ice Hogs 1 0 0 1 2
Checkers 0 1 0 0 1
Shots
1 2 3 OT1 T
Ice Hogs 10 10 4 1 25
Checkers 9 12 10 4 35

1st period

1. Ice Hogs , Brandon Pirri 34 (Tanner Pearson) at 18:05

Penalties :
Nick Crawford (CHA) for Hooking (Minor) at 6:30, Mike Cornell (CHA) for Goalie Interference (Minor) at 19:23

2nd period

2. Checkers , Sami Salo 35 (Andrew Campbell) at 13:04

Penalties :
Andrew Campbell (CHA) for Interference (Minor) at 3:07

3rd period

No Goal

Penalties :
Guillaume Desbiens (CHA) for Hooking (Minor) at 11:10, Guillaume Desbiens (CHA) for Holding (Minor) at 14:35

Overtime #1

3. Ice Hogs , Casey Wellman 21 (Zach Redmond) at 0:48

Penalties :
No Penalty

Goalie Stats

Scott Darling (RIH), 34 saves from 35 shots - (0.971), W, 46-2-6, 60:48 minutes
Drew MacIntyre (CHA), 23 saves from 25 shots - (0.920), OTL, 27-15-13, 60:48 minutes

Players Stats for Ice Hogs

Player Name              G  A  P  +/- PIM S  H  SB GA TA FO     MP     PP MP  PK MP  
------------------------------------------------------------------------------------
Blake Kessel             0  0  0   1  0   0  1  1  1  1  0/0    23:11   4:41   0:00 
Brandon Gormley          0  0  0   0  0   1  0  1  0  2  0/0    25:03   5:03   0:00 
Brandon Pirri            1  0  1   0  0   4  0  0  2  1  7/16   20:01   4:54   0:00 
Casey Wellman            1  0  1   1  0   6  0  0  1  0  0/0    18:41   4:37   0:00 
Chay Genoway             0  0  0   0  0   0  0  0  0  0  0/0     2:22   0:00   0:00 
Derek Roy                0  0  0   1  0   2  2  0  2  0  9/13   20:11   4:09   0:00 
Dustin Jeffrey           0  0  0   0  0   0  0  2  0  0  0/0    14:41   0:24   0:00 
J.T. Miller              0  0  0   0  0   0  1  0  1  1  0/0    20:01   4:54   0:00 
Jason Garrison           0  0  0  -1  0   2  0  2  0  4  0/0    26:50   4:33   0:00 
Mathieu Brodeur          0  0  0   1  0   1  2  1  0  1  0/0    18:43   0:41   0:00 
Michael Bournival        0  0  0   0  0   2  2  1  4  0  0/0    13:57   0:00   0:00 
Oscar Lindberg           0  0  0   0  0   0  0  0  0  0  0/0     0:00   0:00   0:00 
Riley Sheahan            0  0  0   0  0   1  0  0  0  0  0/0     2:22   0:00   0:00 
Roman Horak              0  0  0   0  0   0  3  2  0  1  1/1    19:24   0:24   0:00 
Seth Griffith            0  0  0   0  0   0  4  2  0  0  0/0    13:41   0:52   0:00 
Tanner Pearson           0  1  1   0  0   3  1  0  2  1  0/0    19:34   4:54   0:00 
Travis Morin             0  0  0   0  0   3  2  0  1  0  4/8    19:03   4:37   0:00 
Zach Redmond             0  1  1   1  0   0  4  0  0  1  0/0    25:27   4:52   0:00 

Players Stats for Checkers

Player Name              G  A  P  +/- PIM S  H  SB GA TA FO     MP     PP MP  PK MP  
------------------------------------------------------------------------------------
Adam Brace               0  0  0   0  0   3  1  1  4  0  0/0    13:12   0:00   0:00 
Andrew Campbell          0  1  1   0  2   1  0  0  0  0  0/0    20:19   0:00   2:52 
Blake Parlett            0  0  0  -1  0   3  0  1  0  0  0/0    22:08   0:00   5:32 
Brian McGrattan          0  0  0   1  0   0  1  0  0  0  0/2     9:18   0:00   0:00 
Corey Locke              0  0  0  -2  0   1  2  0  1  0  6/7    19:57   0:00   4:48 
Guillaume Desbiens       0  0  0  -1  4   0  1  0  2  0  0/0    11:26   0:00   0:00 
J.T. Wyman               0  0  0   0  0   2  2  0  0  1  2/5    18:37   0:00   5:07 
Jim O'Brien              0  0  0   1  0   5  2  0  2  0  5/13   21:24   0:00   4:17 
Joshua Shalla            0  0  0   0  0   1  1  2  0  0  0/1    16:09   0:00   0:00 
Julien Brouillette       0  0  0   0  0   2  2  0  1  1  0/0    14:48   0:00   0:00 
Matt Pelech              0  0  0   0  0   1  0  0  0  0  0/0     2:01   0:00   0:00 
Mike Cornell             0  0  0   0  2   0  2  0  1  0  0/0    18:51   0:00   3:16 
Nick Crawford            0  0  0  -1  2   1  1  1  0  3  0/0    20:40   0:00   3:47 
Sami Salo                1  0  1   0  0   8  0  2  1  1  0/0    23:52   0:00   4:23 
Sean Backman             0  0  0   0  0   3  0  0  5  0  2/2    16:50   0:00   0:00 
Taylor Matson            0  0  0   0  0   0  2  1  2  1  1/4    16:43   0:00   0:36 
Tom Sestito              0  0  0   0  0   1  1  0  3  1  1/4    15:58   0:00   5:02 
Triston Grant            0  0  0  -1  0   3  1  0  1  0  0/0    10:59   0:00   0:00 

3 Stars

1 - Scott Darling (RIH)
2 - Zach Redmond (RIH)
3 - Casey Wellman (RIH)

Power Play

Ice Hogs - 0 on 5 Attempt(s) - 0.00%
Checkers - 0 on 0 Attempt(s) - 0.00%

Penalty Kill

Ice Hogs - 0 on 0 Attempt(s) - 0.00% - Score 0 goal in Penalty Kill
Checkers - 5 on 5 Attempt(s) - 100.00% - Score 0 goal in Penalty Kill

Team Stat

Ice Hogs - Hits : 22 - Faceoff Wins : 21 - Blocked Shots : 12 - Penalty Minutes : 0
Checkers - Hits : 19 - Faceoff Wins : 17 - Blocked Shots : 8 - Penalty Minutes : 10

Official

Referees : Unknown
Linesman : Unknown

Game Notes

No Game Note

Finance

Level 1 -- Attendance: 1559 (77.95%) -- Ticket Income $49,888
Level 2 -- Attendance: 739 (73.90%) -- Ticket Income $8,868
Total Attendance: 2298 (76.60%)
Total Ticket Income: $58,756
Other Income: $28,790
Total Income: $87,546

Ice Hogs

5 vs 5 Forward 
   Center                   Left Wing                Right Wing               Time % Phy DF OF 
 1 Brandon Pirri            Tanner Pearson           J.T. Miller              30     0   2  3  
 2 Derek Roy                Dustin Jeffrey           Casey Wellman            25     0   2  3  
 3 Derek Roy                Roman Horak              Seth Griffith            25     1   2  2  
 4 Travis Morin             Michael Bournival        Roman Horak              20     1   2  2  

5 vs 5 Defense 
   Defense                  Defense                                           Time % Phy DF OF 
 1 Jason Garrison           Brandon Gormley                                   30     1   2  2  
 2 Blake Kessel             Zach Redmond                                      30     1   2  2  
 3 Zach Redmond             Brandon Gormley                                   30     1   2  2  
 4 Jason Garrison           Mathieu Brodeur                                   10     1   2  2  

PowerPlay Forward 
   Center                   Left Wing                Right Wing               Time % Phy DF OF 
 1 Brandon Pirri            Tanner Pearson           J.T. Miller              50     0   1  4  
 2 Travis Morin             Derek Roy                Casey Wellman            50     0   1  4  

PowerPlay Defense
   Defense                  Defense                                           Time % Phy DF OF 
 1 Jason Garrison           Zach Redmond                                      50     0   1  4  
 2 Blake Kessel             Brandon Gormley                                   50     0   1  4  

Penalty Kill 4 Players Forward 
   Center                   Wing                     Time % Phy DF OF 
 1 Derek Roy                Roman Horak              50     1   3  1  
 2 Travis Morin             Seth Griffith            50     1   3  1  

Penalty Kill 4 Players Defense
   Defense                  Defense                  Time % Phy DF OF 
 1 Jason Garrison           Brandon Gormley          50     1   4  0  
 2 Blake Kessel             Zach Redmond             50     1   4  0  

Penalty Kill - 3 Players Forward 
   Forward                                           Time % Phy DF OF 
 1 Derek Roy                                         50     1   4  0  
 2 Travis Morin                                      50     1   4  0  

Penalty Kill - 3 Players Defense
   Defense                  Defense                  Time % Phy DF OF 
 1 Jason Garrison           Brandon Gormley          50     1   4  0  
 2 Blake Kessel             Zach Redmond             50     1   4  0  

4 vs 4 Forward 
   Center                   Wing                     Time % Phy DF OF 
 1 Brandon Pirri            J.T. Miller              50     1   2  2  
 2 Derek Roy                Casey Wellman            50     1   2  2  

4 vs 4 Defense
   Defense                  Defense                  Time % Phy DF OF 
 1 Blake Kessel             Jason Garrison           50     1   2  2  
 2 Zach Redmond             Brandon Gormley          50     1   2  2  

Last Minutes Offensive
   Center                   Left Wing                Right Wing               Defense                  Defense                  
   Brandon Pirri            Derek Roy                J.T. Miller              Jason Garrison           Brandon Gormley          

Last Minutes Defensive
   Center                   Left Wing                Right Wing               Defense                  Defense                  
   Derek Roy                Roman Horak              Seth Griffith            Jason Garrison           Blake Kessel             

Goaltenders
Starting : Scott Darling            
Backup : Rob Madore               

Extra Forwards
Normal : Travis Morin, Brandon Pirri, Seth Griffith - PP : Travis Morin, Seth Griffith - PK : Casey Wellman
Extra Defensemen
Normal : Blake Kessel, Brandon Gormley, Jason Garrison - PP : Zach Redmond - PK : Jason Garrison, Blake Kessel
Penalty Shots
Casey Wellman, Derek Roy, Travis Morin, Roman Horak, Brandon Pirri

Checkers

5 vs 5 Forward 
   Center                   Left Wing                Right Wing               Time % Phy DF OF 
 1 Jim O'Brien              Tom Sestito              Brian McGrattan          28     1   2  2  
 2 Corey Locke              Adam Brace               J.T. Wyman               27     1   2  2  
 3 Taylor Matson            Joshua Shalla            Sean Backman             25     1   2  2  
 4 Jim O'Brien              Triston Grant            Guillaume Desbiens       20     1   2  2  

5 vs 5 Defense 
   Defense                  Defense                                           Time % Phy DF OF 
 1 Sami Salo                Andrew Campbell                                   35     1   2  2  
 2 Blake Parlett            Nick Crawford                                     35     1   2  2  
 3 Julien Brouillette       Mike Cornell                                      30     1   2  2  
 4 Matt Pelech              Sami Salo                                         0      1   2  2  

PowerPlay Forward 
   Center                   Left Wing                Right Wing               Time % Phy DF OF 
 1 Jim O'Brien              Tom Sestito              Brian McGrattan          50     0   1  4  
 2 Corey Locke              Adam Brace               J.T. Wyman               50     0   1  4  

PowerPlay Defense
   Defense                  Defense                                           Time % Phy DF OF 
 1 Sami Salo                Andrew Campbell                                   50     0   1  4  
 2 Blake Parlett            Nick Crawford                                     50     0   1  4  

Penalty Kill 4 Players Forward 
   Center                   Wing                     Time % Phy DF OF 
 1 J.T. Wyman               Jim O'Brien              50     0   4  1  
 2 Tom Sestito              Corey Locke              50     0   4  1  

Penalty Kill 4 Players Defense
   Defense                  Defense                  Time % Phy DF OF 
 1 Sami Salo                Andrew Campbell          50     1   3  1  
 2 Blake Parlett            Nick Crawford            50     1   3  1  

Penalty Kill - 3 Players Forward 
   Forward                                           Time % Phy DF OF 
 1 Tom Sestito                                       50     0   5  0  
 2 Jim O'Brien                                       50     0   5  0  

Penalty Kill - 3 Players Defense
   Defense                  Defense                  Time % Phy DF OF 
 1 Sami Salo                Andrew Campbell          50     1   4  0  
 2 Blake Parlett            Nick Crawford            50     1   4  0  

4 vs 4 Forward 
   Center                   Wing                     Time % Phy DF OF 
 1 Sean Backman             Jim O'Brien              50     1   2  2  
 2 Tom Sestito              Corey Locke              50     1   2  2  

4 vs 4 Defense
   Defense                  Defense                  Time % Phy DF OF 
 1 Sami Salo                Andrew Campbell          50     1   2  2  
 2 Blake Parlett            Nick Crawford            50     1   2  2  

Last Minutes Offensive
   Center                   Left Wing                Right Wing               Defense                  Defense                  
   Jim O'Brien              Tom Sestito              Brian McGrattan          Sami Salo                Andrew Campbell          

Last Minutes Defensive
   Center                   Left Wing                Right Wing               Defense                  Defense                  
   Jim O'Brien              Tom Sestito              Brian McGrattan          Sami Salo                Andrew Campbell          

Goaltenders
Starting : Drew MacIntyre           
Backup : Nathan Lawson            

Extra Forwards
Normal : Sean Backman, Joshua Shalla, Taylor Matson - PP : Sean Backman, Joshua Shalla - PK : Taylor Matson
Extra Defensemen
Normal : Julien Brouillette, Mike Cornell, Matt Pelech - PP : Julien Brouillette - PK : Mike Cornell, Matt Pelech
Penalty Shots
Matt Pelech, Jim O'Brien, Tom Sestito, Corey Locke, J.T. Wyman

% Time on Ice - Ice Hogs

Lines # - Real PCT - Wanted PCT - Time Play
Normal Forward
1 - 30% - 30% - 14:58
2 - 27% - 25% - 13:43
3 - 16% - 25% - 7:49
4 - 27% - 20% - 13:35
Normal Defense
1 - 26% - 30% - 13:16
2 - 28% - 30% - 13:47
3 - 19% - 30% - 9:36
4 - 27% - 10% - 13:26
PP Forward
1 - 53% - 50% - 5:18
2 - 47% - 50% - 4:37
PP Defense
1 - 49% - 50% - 4:52
2 - 51% - 50% - 5:03
PK Forward
1 - 0% - 50%
2 - 0% - 50%
PK Defense
1 - 0% - 50%
2 - 0% - 50%
PK3 Forward
1 - 0% - 50%
2 - 0% - 50%
PK3 Defense
1 - 0% - 50%
2 - 0% - 50%
44 Forward
1 - 56% - 50% - 0:27
2 - 44% - 50% - 0:21
44 Defense
1 - 56% - 50% - 0:27
2 - 44% - 50% - 0:21
Last Minute Offensive  - 0:00
Last Minute Defensive  - 0:00
Total
Forward - 60:48
Defense - 60:48

% Time on Ice - Checkers

Lines # - Real PCT - Wanted PCT - Time Play
Normal Forward
1 - 19% - 28% - 9:36
2 - 29% - 27% - 14:29
3 - 30% - 25% - 15:01
4 - 22% - 20% - 10:59
Normal Defense
1 - 34% - 35% - 17:01
2 - 32% - 35% - 16:15
3 - 30% - 30% - 14:48
4 - 4% - 0% - 2:01
PP Forward
1 - 0% - 50%
2 - 0% - 50%
PP Defense
1 - 0% - 50%
2 - 0% - 50%
PK Forward
1 - 52% - 50% - 5:07
2 - 48% - 50% - 4:48
PK Defense
1 - 44% - 50% - 4:23
2 - 56% - 50% - 5:32
PK3 Forward
1 - 0% - 50%
2 - 0% - 50%
PK3 Defense
1 - 0% - 50%
2 - 0% - 50%
44 Forward
1 - 56% - 50% - 0:27
2 - 44% - 50% - 0:21
44 Defense
1 - 56% - 50% - 0:27
2 - 44% - 50% - 0:21
Last Minute Offensive  - 0:00
Last Minute Defensive  - 0:00
Total
Forward - 60:48
Defense - 60:48

Play by Play

1st period


0:01 of 1st period - Brandon Pirri wins face-off versus Jim O'Brien in neutral zone.
0:14 of 1st period - Slapshot by Tanner Pearson.
0:14 of 1st period - Deflect By Sami Salo.
0:14 of 1st period - Stopped by Drew MacIntyre without a rebound.
0:15 of 1st period - Brandon Pirri wins face-off versus Jim O'Brien in Checkers zone.
0:44 of 1st period - Wrist shot by Brandon Pirri.
0:44 of 1st period - Stopped by Drew MacIntyre with a rebound.
0:46 of 1st period - Snap shot by Jason Garrison.
0:46 of 1st period - Shot Misses the Net.
1:06 of 1st period - Snap shot by Casey Wellman.
1:06 of 1st period - Stopped by Drew MacIntyre with a rebound.
1:10 of 1st period - Wrist shot by Casey Wellman.
1:10 of 1st period - Stopped by Drew MacIntyre with a rebound.
1:12 of 1st period - Slapshot by Blake Kessel.
1:12 of 1st period - Deflect By Casey Wellman.
1:12 of 1st period - Shot Blocked by Sami Salo.
1:12 of 1st period - Puck is out of play.
1:13 of 1st period - Corey Locke wins face-off versus Travis Morin in Checkers zone.
1:36 of 1st period - Snap shot by Adam Brace.
1:36 of 1st period - Stopped by Scott Darling with a rebound.
2:30 of 1st period - Snap shot by Sean Backman.
2:30 of 1st period - Shot Blocked by Dustin Jeffrey.
2:32 of 1st period - Snap shot by Taylor Matson.
2:32 of 1st period - Shot Hit the Post.
3:01 of 1st period - Snap shot by Guillaume Desbiens.
3:01 of 1st period - Shot Misses the Net.
3:03 of 1st period - Wrist shot by Triston Grant.
3:03 of 1st period - Shot Misses the Net.
3:05 of 1st period - Wrist shot by Sami Salo.
3:05 of 1st period - Deflect By Jim O'Brien.
3:05 of 1st period - Stopped by Scott Darling without a rebound.
3:06 of 1st period - Corey Locke wins face-off versus Brandon Pirri in Ice Hogs zone.
3:11 of 1st period - Slapshot by Sami Salo.
3:11 of 1st period - Deflect By Jason Garrison.
3:11 of 1st period - Stopped by Scott Darling with a rebound.
3:13 of 1st period - Wrist shot by Corey Locke.
3:13 of 1st period - Shot Misses the Net.
3:15 of 1st period - Snap shot by J.T. Wyman.
3:15 of 1st period - Stopped by Scott Darling with a rebound.
3:17 of 1st period - Slapshot by Matt Pelech.
3:17 of 1st period - Stopped by Scott Darling without a rebound.
3:18 of 1st period - Corey Locke wins face-off versus Brandon Pirri in Ice Hogs zone.
3:23 of 1st period - Brandon Pirri is hit by Nick Crawford and loses puck.
4:26 of 1st period - Icing by Triston Grant.
4:27 of 1st period - Travis Morin wins face-off versus Jim O'Brien in Checkers zone.
4:56 of 1st period - Jim O'Brien is hit by Michael Bournival and loses puck.
6:04 of 1st period - Slapshot by Nick Crawford.
6:04 of 1st period - Deflect By Sean Backman.
6:04 of 1st period - Shot Blocked by Dustin Jeffrey.
6:04 of 1st period - Puck is out of play.
6:05 of 1st period - Derek Roy wins face-off versus Taylor Matson in Ice Hogs zone.
6:14 of 1st period - Snap shot by Derek Roy.
6:14 of 1st period - Shot Misses the Net.
6:30 of 1st period - Minor Penalty to Nick Crawford for Hooking.
6:31 of 1st period - Brandon Pirri wins face-off versus Tom Sestito in Checkers zone.
8:30 of 1st period - Penalty to Nick Crawford is over, Nick Crawford is back on ice.
8:34 of 1st period - Blake Kessel is hit by Jim O'Brien and loses puck.
9:11 of 1st period - Sean Backman is hit by Roman Horak and loses puck.
9:26 of 1st period - Wrist shot by Derek Roy.
9:26 of 1st period - Stopped by Drew MacIntyre without a rebound.
9:27 of 1st period - Jim O'Brien wins face-off versus Derek Roy in Checkers zone.
9:34 of 1st period - Slapshot by Julien Brouillette.
9:34 of 1st period - Shot Blocked by Mathieu Brodeur.
10:39 of 1st period - Blake Parlett is hit by J.T. Miller and loses puck.
11:39 of 1st period - Slapshot by Travis Morin.
11:39 of 1st period - Stopped by Drew MacIntyre with a rebound.
11:41 of 1st period - Slapshot by Michael Bournival.
11:41 of 1st period - Shot Misses the Net.
12:17 of 1st period - Nick Crawford is hit by Seth Griffith and loses puck.
12:34 of 1st period - Sean Backman is hit by Tanner Pearson and loses puck.
13:30 of 1st period - Wrist shot by Michael Bournival.
13:30 of 1st period - Shot Misses the Net.
13:32 of 1st period - Slapshot by Zach Redmond.
13:32 of 1st period - Shot Misses the Net.
14:37 of 1st period - Wrist shot by Triston Grant.
14:37 of 1st period - Stopped by Scott Darling with a rebound.
15:07 of 1st period - Jason Garrison is hit by Corey Locke and loses puck.
15:42 of 1st period - Slapshot by Sami Salo.
15:42 of 1st period - Stopped by Scott Darling with a rebound.
15:44 of 1st period - Slapshot by Sami Salo.
15:44 of 1st period - Stopped by Scott Darling without a rebound.
15:45 of 1st period - Jim O'Brien wins face-off versus Brandon Pirri in Ice Hogs zone.
16:38 of 1st period - Blake Kessel is hit by Taylor Matson and loses puck.
16:47 of 1st period - Wrist shot by Derek Roy.
16:47 of 1st period - Shot Misses the Net.
16:49 of 1st period - Wrist shot by Seth Griffith.
16:49 of 1st period - Shot Blocked by Joshua Shalla.
16:51 of 1st period - Wrist shot by Seth Griffith.
16:51 of 1st period - Shot Misses the Net.
17:11 of 1st period - Snap shot by Riley Sheahan.
17:11 of 1st period - Stopped by Drew MacIntyre with a rebound.
17:31 of 1st period - Slapshot by Michael Bournival.
17:31 of 1st period - Stopped by Drew MacIntyre without a rebound.
17:32 of 1st period - Corey Locke wins face-off versus Travis Morin in Checkers zone.
17:39 of 1st period - Backhand shot by Sami Salo.
17:39 of 1st period - Shot Blocked by Seth Griffith.
17:41 of 1st period - Wrist shot by Adam Brace.
17:41 of 1st period - Stopped by Scott Darling with a rebound.
17:59 of 1st period - Tanner Pearson is hit by Corey Locke.
18:05 of 1st period - Snap shot by Brandon Pirri.
18:05 of 1st period - Goal by Brandon Pirri - Ice Hogs : 1 - Checkers : 0.
18:06 of 1st period - Derek Roy wins face-off versus Jim O'Brien in neutral zone.
18:47 of 1st period - Snap shot by Tanner Pearson.
18:47 of 1st period - Stopped by Drew MacIntyre with a rebound.
19:07 of 1st period - Off-side.
19:08 of 1st period - Travis Morin wins face-off versus Taylor Matson in neutral zone.
19:23 of 1st period - Minor Penalty to Mike Cornell for Goalie Interference.
19:24 of 1st period - Travis Morin wins face-off versus Tom Sestito in Checkers zone.
Goals for this period are 1 for Ice Hogs vs 0 for Checkers.
Shots for this period are 10 for Ice Hogs vs 9 for Checkers.

2nd period


0:01 of 2nd period - Brandon Pirri wins face-off versus J.T. Wyman in neutral zone.
0:10 of 2nd period - Slapshot by Brandon Pirri.
0:10 of 2nd period - Stopped by Drew MacIntyre without a rebound.
0:11 of 2nd period - J.T. Wyman wins face-off versus Brandon Pirri in Checkers zone.
0:32 of 2nd period - Snap shot by Tanner Pearson.
0:32 of 2nd period - Shot Blocked by Sami Salo.
1:15 of 2nd period - Nick Crawford is hit by Zach Redmond and loses puck.
1:23 of 2nd period - Penalty to Mike Cornell is over, Mike Cornell is back on ice.
1:43 of 2nd period - Corey Locke is hit by Seth Griffith and loses puck.
1:50 of 2nd period - Slapshot by Roman Horak.
1:50 of 2nd period - Shot Misses the Net.
1:52 of 2nd period - Slapshot by Brandon Gormley.
1:52 of 2nd period - Deflect By Corey Locke.
1:52 of 2nd period - Stopped by Drew MacIntyre without a rebound.
1:53 of 2nd period - Derek Roy wins face-off versus Jim O'Brien in Checkers zone.
2:02 of 2nd period - Jason Garrison is hit by Mike Cornell and loses puck.
2:14 of 2nd period - Snap shot by Jim O'Brien.
2:14 of 2nd period - Shot Misses the Net.
2:28 of 2nd period - Roman Horak is hit by Guillaume Desbiens.
3:07 of 2nd period - Minor Penalty to Andrew Campbell for Interference.
3:08 of 2nd period - Brandon Pirri wins face-off versus J.T. Wyman in Checkers zone.
3:20 of 2nd period - Snap shot by J.T. Miller.
3:20 of 2nd period - Shot Blocked by Nick Crawford.
4:07 of 2nd period - Jim O'Brien is hit by Travis Morin and loses puck.
5:07 of 2nd period - Penalty to Andrew Campbell is over, Andrew Campbell is back on ice.
5:07 of 2nd period - Wrist shot by Casey Wellman.
5:07 of 2nd period - Shot Misses the Net.
5:09 of 2nd period - Slapshot by Jason Garrison.
5:09 of 2nd period - Shot Misses the Net.
5:11 of 2nd period - Snap shot by Jason Garrison.
5:11 of 2nd period - Stopped by Drew MacIntyre with a rebound.
5:13 of 2nd period - Snap shot by Casey Wellman.
5:13 of 2nd period - Stopped by Drew MacIntyre with a rebound.
5:43 of 2nd period - Jason Garrison is hit by Taylor Matson and loses puck.
5:55 of 2nd period - Snap shot by Sean Backman.
5:55 of 2nd period - Shot Blocked by Jason Garrison.
5:57 of 2nd period - Slapshot by Blake Parlett.
5:57 of 2nd period - Stopped by Scott Darling with a rebound.
5:59 of 2nd period - Slapshot by Blake Parlett.
5:59 of 2nd period - Shot Blocked by Roman Horak.
6:15 of 2nd period - Wrist shot by Guillaume Desbiens.
6:15 of 2nd period - Deflect By Triston Grant.
6:15 of 2nd period - Shot Misses the Net.
6:15 of 2nd period - Puck is out of play.
6:16 of 2nd period - Derek Roy wins face-off versus Jim O'Brien in Ice Hogs zone.
6:56 of 2nd period - Wrist shot by Adam Brace.
6:56 of 2nd period - Shot Blocked by Blake Kessel.
6:58 of 2nd period - Slapshot by Nick Crawford.
6:58 of 2nd period - Stopped by Scott Darling with a rebound.
7:48 of 2nd period - Tanner Pearson is hit by Tom Sestito and loses puck.
7:59 of 2nd period - Wrist shot by Jim O'Brien.
7:59 of 2nd period - Stopped by Scott Darling with a rebound.
8:13 of 2nd period - Jason Garrison is hit by Adam Brace.
8:33 of 2nd period - Julien Brouillette is hit by Seth Griffith and loses puck.
8:40 of 2nd period - Derek Roy is hit by Triston Grant and loses puck.
8:45 of 2nd period - Snap shot by Jim O'Brien.
8:45 of 2nd period - Shot Misses the Net.
9:11 of 2nd period - Snap shot by Travis Morin.
9:11 of 2nd period - Stopped by Drew MacIntyre with a rebound.
9:13 of 2nd period - Wrist shot by Roman Horak.
9:13 of 2nd period - Shot Misses the Net.
11:00 of 2nd period - Snap shot by Tom Sestito.
11:00 of 2nd period - Shot Blocked by Michael Bournival.
11:02 of 2nd period - Slapshot by Brian McGrattan.
11:02 of 2nd period - Shot Blocked by Seth Griffith.
11:04 of 2nd period - Wrist shot by Julien Brouillette.
11:04 of 2nd period - Stopped by Scott Darling with a rebound.
11:20 of 2nd period - Wrist shot by Casey Wellman.
11:20 of 2nd period - Stopped by Drew MacIntyre without a rebound.
11:21 of 2nd period - Derek Roy wins face-off versus Corey Locke in Checkers zone.
11:28 of 2nd period - Wrist shot by Dustin Jeffrey.
11:28 of 2nd period - Shot Blocked by Adam Brace.
11:48 of 2nd period - Snap shot by Brandon Pirri.
11:48 of 2nd period - Shot Misses the Net.
11:50 of 2nd period - Snap shot by Brandon Pirri.
11:50 of 2nd period - Stopped by Drew MacIntyre with a rebound.
11:52 of 2nd period - Snap shot by Jason Garrison.
11:52 of 2nd period - Stopped by Drew MacIntyre with a rebound.
11:54 of 2nd period - Slapshot by Mathieu Brodeur.
11:54 of 2nd period - Stopped by Drew MacIntyre with a rebound.
12:08 of 2nd period - Slapshot by Michael Bournival.
12:08 of 2nd period - Stopped by Drew MacIntyre without a rebound.
12:09 of 2nd period - Travis Morin wins face-off versus Taylor Matson in Checkers zone.
12:48 of 2nd period - Icing by Derek Roy.
12:49 of 2nd period - Brandon Pirri wins face-off versus Brian McGrattan in Ice Hogs zone.
13:02 of 2nd period - Slapshot by Sami Salo.
13:02 of 2nd period - Shot Blocked by Jason Garrison.
13:04 of 2nd period - Slapshot by Sami Salo.
13:04 of 2nd period - Goal by Sami Salo - Ice Hogs : 1 - Checkers : 1.
13:05 of 2nd period - Derek Roy wins face-off versus Joshua Shalla in neutral zone.
13:08 of 2nd period - Slapshot by Jason Garrison.
13:08 of 2nd period - Shot Blocked by Joshua Shalla.
13:19 of 2nd period - Slapshot by Julien Brouillette.
13:19 of 2nd period - Stopped by Scott Darling without a rebound.
13:20 of 2nd period - Taylor Matson wins face-off versus Derek Roy in Ice Hogs zone.
14:51 of 2nd period - Travis Morin is hit by J.T. Wyman and loses puck.
15:10 of 2nd period - Slapshot by Sami Salo.
15:10 of 2nd period - Stopped by Scott Darling with a rebound.
15:12 of 2nd period - Slapshot by Sami Salo.
15:12 of 2nd period - Deflect By Jim O'Brien.
15:12 of 2nd period - Stopped by Scott Darling with a rebound.
15:14 of 2nd period - Wrist shot by Jim O'Brien.
15:14 of 2nd period - Stopped by Scott Darling with a rebound.
15:16 of 2nd period - Wrist shot by Triston Grant.
15:16 of 2nd period - Stopped by Scott Darling with a rebound.
15:18 of 2nd period - Slapshot by Sami Salo.
15:18 of 2nd period - Deflect By Jim O'Brien.
15:18 of 2nd period - Shot Misses the Net.
15:18 of 2nd period - Puck is out of play.
15:19 of 2nd period - Jim O'Brien wins face-off versus Derek Roy in Ice Hogs zone.
16:04 of 2nd period - Zach Redmond is hit by Mike Cornell and loses puck.
16:41 of 2nd period - Wrist shot by J.T. Wyman.
16:41 of 2nd period - Stopped by Scott Darling with a rebound.
17:21 of 2nd period - Slapshot by Blake Parlett.
17:21 of 2nd period - Stopped by Scott Darling with a rebound.
17:23 of 2nd period - Snap shot by Guillaume Desbiens.
17:23 of 2nd period - Shot Misses the Net.
17:35 of 2nd period - Wrist shot by Triston Grant.
17:35 of 2nd period - Shot Misses the Net.
17:55 of 2nd period - Blake Parlett is hit by Mathieu Brodeur and loses puck.
18:47 of 2nd period - Joshua Shalla is hit by Roman Horak and loses puck.
19:15 of 2nd period - Wrist shot by Riley Sheahan.
19:15 of 2nd period - Shot Blocked by Taylor Matson.
19:17 of 2nd period - Snap shot by Casey Wellman.
19:17 of 2nd period - Shot Misses the Net.
Goals for this period are 0 for Ice Hogs vs 1 for Checkers.
Shots for this period are 10 for Ice Hogs vs 12 for Checkers.

3rd period


0:01 of 3rd period - Derek Roy wins face-off versus Brian McGrattan in neutral zone.
0:04 of 3rd period - Tom Sestito is hit by Roman Horak.
1:10 of 3rd period - Slapshot by Corey Locke.
1:10 of 3rd period - Stopped by Scott Darling with a rebound.
1:14 of 3rd period - Slapshot by Sami Salo.
1:14 of 3rd period - Deflect By Adam Brace.
1:14 of 3rd period - Stopped by Scott Darling with a rebound.
1:49 of 3rd period - Snap shot by Derek Roy.
1:49 of 3rd period - Stopped by Drew MacIntyre without a rebound.
1:50 of 3rd period - Derek Roy wins face-off versus Jim O'Brien in Checkers zone.
1:57 of 3rd period - Snap shot by Casey Wellman.
1:57 of 3rd period - Shot Misses the Net.
1:59 of 3rd period - Wrist shot by Casey Wellman.
1:59 of 3rd period - Stopped by Drew MacIntyre without a rebound.
2:00 of 3rd period - Roman Horak wins face-off versus Jim O'Brien in Checkers zone.
2:09 of 3rd period - Slapshot by Travis Morin.
2:09 of 3rd period - Stopped by Drew MacIntyre without a rebound.
2:10 of 3rd period - Jim O'Brien wins face-off versus Travis Morin in Checkers zone.
3:19 of 3rd period - J.T. Wyman is hit by Zach Redmond and loses puck.
3:44 of 3rd period - Wrist shot by Sean Backman.
3:44 of 3rd period - Deflect By Joshua Shalla.
3:44 of 3rd period - Stopped by Scott Darling with a rebound.
3:46 of 3rd period - Snap shot by Sean Backman.
3:46 of 3rd period - Stopped by Scott Darling with a rebound.
3:48 of 3rd period - Snap shot by Sean Backman.
3:48 of 3rd period - Shot Misses the Net.
3:54 of 3rd period - Julien Brouillette is hit by Zach Redmond and loses puck.
4:31 of 3rd period - Brandon Pirri is hit by Brian McGrattan.
4:32 of 3rd period - Icing by Brandon Pirri.
4:33 of 3rd period - Jim O'Brien wins face-off versus Brandon Pirri in Ice Hogs zone.
4:34 of 3rd period - Slapshot by Tom Sestito.
4:34 of 3rd period - Stopped by Scott Darling without a rebound.
4:35 of 3rd period - Corey Locke wins face-off versus Brandon Pirri in Ice Hogs zone.
6:16 of 3rd period - Icing by Taylor Matson.
6:17 of 3rd period - Sean Backman wins face-off versus Brandon Pirri in Checkers zone.
6:24 of 3rd period - Snap shot by Blake Parlett.
6:24 of 3rd period - Stopped by Scott Darling with a rebound.
7:02 of 3rd period - Backhand shot by Jim O'Brien.
7:02 of 3rd period - Stopped by Scott Darling with a rebound.
7:04 of 3rd period - Wrist shot by Triston Grant.
7:04 of 3rd period - Stopped by Scott Darling with a rebound.
7:14 of 3rd period - Sami Salo is hit by Derek Roy and loses puck.
7:43 of 3rd period - Sami Salo is hit by Blake Kessel and loses puck.
8:14 of 3rd period - Wrist shot by Brian McGrattan.
8:14 of 3rd period - Shot Misses the Net.
8:16 of 3rd period - Slapshot by Julien Brouillette.
8:16 of 3rd period - Shot Misses the Net.
8:18 of 3rd period - Slapshot by Julien Brouillette.
8:18 of 3rd period - Shot Blocked by Brandon Gormley.
8:20 of 3rd period - Wrist shot by Tom Sestito.
8:20 of 3rd period - Shot Blocked by Roman Horak.
8:30 of 3rd period - Derek Roy is hit by Julien Brouillette and loses puck.
8:57 of 3rd period - Tanner Pearson is hit by Julien Brouillette and loses puck.
9:04 of 3rd period - Blake Kessel is hit by Joshua Shalla and loses puck.
9:15 of 3rd period - Blake Kessel is hit by Jim O'Brien and loses puck.
10:04 of 3rd period - Blake Parlett is hit by Mathieu Brodeur and loses puck.
11:10 of 3rd period - Minor Penalty to Guillaume Desbiens for Hooking.
11:11 of 3rd period - Corey Locke wins face-off versus Travis Morin in Checkers zone.
11:38 of 3rd period - Icing by Casey Wellman.
11:39 of 3rd period - Brandon Pirri wins face-off versus J.T. Wyman in Ice Hogs zone.
12:14 of 3rd period - Corey Locke is hit by Travis Morin and loses puck.
13:10 of 3rd period - Penalty to Guillaume Desbiens is over, Guillaume Desbiens is back on ice.
13:11 of 3rd period - Corey Locke is hit by Zach Redmond and loses puck.
13:42 of 3rd period - Julien Brouillette is hit by Derek Roy.
14:35 of 3rd period - Minor Penalty to Guillaume Desbiens for Holding.
14:36 of 3rd period - J.T. Wyman wins face-off versus Brandon Pirri in Checkers zone.
14:55 of 3rd period - Wrist shot by Tanner Pearson.
14:55 of 3rd period - Stopped by Drew MacIntyre with a rebound.
16:29 of 3rd period - Seth Griffith is hit by J.T. Wyman and loses puck.
16:35 of 3rd period - Penalty to Guillaume Desbiens is over, Guillaume Desbiens is back on ice.
16:48 of 3rd period - Taylor Matson is hit by Seth Griffith and loses puck.
17:01 of 3rd period - Snap shot by Sean Backman.
17:01 of 3rd period - Shot Misses the Net.
17:03 of 3rd period - Slapshot by Sami Salo.
17:03 of 3rd period - Deflect By Jason Garrison.
17:03 of 3rd period - Stopped by Scott Darling with a rebound.
17:05 of 3rd period - Snap shot by Taylor Matson.
17:05 of 3rd period - Deflect By Sean Backman.
17:05 of 3rd period - Stopped by Scott Darling with a rebound.
18:20 of 3rd period - Jim O'Brien is hit by Michael Bournival and loses puck.
Goals for this period are 0 for Ice Hogs vs 0 for Checkers.
Shots for this period are 4 for Ice Hogs vs 10 for Checkers.

Overtime #1


0:01 of 1st overtime period - Sean Backman wins face-off versus Brandon Pirri in neutral zone.
0:18 of 1st overtime period - Slapshot by Sami Salo.
0:18 of 1st overtime period - Deflect By J.T. Miller.
0:18 of 1st overtime period - Stopped by Scott Darling with a rebound.
0:20 of 1st overtime period - Wrist shot by Sean Backman.
0:20 of 1st overtime period - Stopped by Scott Darling with a rebound.
0:22 of 1st overtime period - Backhand shot by Sami Salo.
0:22 of 1st overtime period - Stopped by Scott Darling with a rebound.
0:24 of 1st overtime period - Slapshot by Jim O'Brien.
0:24 of 1st overtime period - Shot Misses the Net.
0:26 of 1st overtime period - Slapshot by Andrew Campbell.
0:26 of 1st overtime period - Stopped by Scott Darling without a rebound.
0:27 of 1st overtime period - Derek Roy wins face-off versus Tom Sestito in Ice Hogs zone.
0:34 of 1st overtime period - Snap shot by Casey Wellman.
0:34 of 1st overtime period - Deflect By Derek Roy.
0:34 of 1st overtime period - Shot Blocked by Blake Parlett.
0:34 of 1st overtime period - Puck is out of play.
0:35 of 1st overtime period - Tom Sestito wins face-off versus Derek Roy in Checkers zone.
0:48 of 1st overtime period - Snap shot by Casey Wellman.
0:48 of 1st overtime period - Goal by Casey Wellman - Ice Hogs : 2 - Checkers : 1.
Goals for this period are 1 for Ice Hogs vs 0 for Checkers.
Shots for this period are 1 for Ice Hogs vs 4 for Checkers.


Output by the SimonT Hockey Simulator (STHS) for Eric Dolegowski -- Original Page W3C XHTML 1.0 Valid
Hockey Simulator - Hockey Simulation - Hockey Manager